 Dungeon Crawl Stone Soup version 0.32-a0-799-g95e1662365 (webtiles) character file.

Game seed: 10187713931048593577

278 kae the Slasher (level 6, -3/44 HPs)
             Began as a Coglin Gladiator on Mar 21, 2024.
             Was an Initiate of Okawaru.
             Slain by a gnoll bouda
             ... wielding a +0 club
              (5 damage)
             ... on level 4 of the Dungeon.
             The game lasted 00:03:01 (2823 turns).

kae the Slasher (Coglin Gladiator)                  Turns: 2823, Time: 00:03:02

Health: -3/44      AC:  8    Str: 14    XL:     6   Next: 26%
Magic:  7/7        EV: 11    Int:  8    God:    Okawaru [......]
Gold:   184        SH:  0    Dex: 17    Spells: 5/5 levels left

rFire   . . .        a - +0 long sword (spect) {Artakama}
rCold   . . .        s - +0 long sword (freeze) {Akal}
rNeg    . . .        b - +0 leather armour
rPois   .            c - +2 helmet
rElec   .            (no cloak)
rCorr   .            h - +1 pair of gloves
SInv    .            (no boots)
Will    .....        (amulet unavailable)
Stlth   +            (ring unavailable)
HPRegen 0.27/turn    (ring unavailable)
MPRegen 0.10/turn    (no gizmo)

%: no passive effects
@: revved
A: off-hand wielding, slow wielding, warmup strikes, no jewellery
a: Invent Gizmo, Renounce Religion


You were on level 4 of the Dungeon.
You worshipped Okawaru.
Okawaru was noncommittal.
You visited 1 branch of the dungeon, and saw 4 of its levels.

You collected 184 gold pieces.


Innate Abilities, Weirdness & Mutations

You can wield a second weapon in your off-hand.
It takes a long time for you to wield or remove held weapons.
Your first few attacks do less damage.
You cannot equip rings or amulets.


   Skills:
 - Level 2.0 Fighting
 + Level 6.4 Long Blades
 - Level 1.7 Throwing
 - Level 2.6 Dodging
 + Level 1.6 Invocations


You had 5 spell levels left.
You didn't know any spells.
Your spell library contained the following spells:

 Spells                   Type           Power      Damage    Failure   Level
 Lesser Beckoning         Tloc           0%         N/A       63%         2
 Gell's Gravitas          Tloc           0%         N/A       86%         3
 Teleport Other           Tloc           0%         N/A       86%         3
 Borgnjor's Vile Clutch   Necr/Erth      0%         N/A       100%        5
 Animate Dead             Necr           Unusable   N/A       N/A         4
 Death Channel            Necr           Unusable   N/A       N/A         6

Inventory:

Hand Weapons
 a - a +0 spectral long sword (weapon) {Artakama}
 f - a +0 dagger {Cedro}
 s - a +0 long sword of freezing (offhand) {Akal}
   (You found it on level 2 of the Dungeon)
Missiles
 d - 5 throwing nets (quivered) {=f!f}
 e - a javelin
 g - 5 poisoned darts
 i - 59 stones
Armour
 b - a +0 leather armour (worn)
 c - a +2 helmet (worn)
 h - a +1 pair of gloves (worn)
   (You found it on level 1 of the Dungeon)
Jewellery
 O - a +4 ring of protection
   (You found it on level 3 of the Dungeon)
Scrolls
 p - a scroll of poison {!r}
 t - 3 scrolls of fog
Potions
 j - a potion of might {unknown}
 k - a potion of mutation {!q}
 l - 2 potions of berserk rage {unknown}
 m - a potion of curing {unknown}
 o - a potion of brilliance {unknown}
 r - 3 potions of lignification {!q}

Dungeon Overview and Level Annotations

Branches:
Dungeon (4/15) Zot: 21166
 Temple: D:4-7

Altars:
Ashenzari
Makhleb
Okawaru
Yredelemnul

Shops:
D:1

= #.### ...## #+## ##
.>.##...##
#.###..#.....## ##
#@#...$......##
##..g#............#
?.....g.)...........+
####...##.#.........#
#.#. #.##.......#
##?### #.###.....##
#.# #..# ##>..## ##.#
#.### ##'##
#.#.########.#


You could see a gnoll bouda and a gnoll (swift).


Message History

Your Long Blades skill increases to level 6!
Your Invocations skill increases to level 1!
You have reached level 6! 😨 HP[+3]
You now have 44 max hp (+6).
You regained 3 hp, and now have 17/44 hp.
You start resting. 😨 HP[+5] MP[+2]
You regained 5 hp, and now have 22/44 hp.
Your mp is fully restored (7).
You now have 159 gold pieces (gained 8).
You now have 170 gold pieces (gained 11).
You now have 184 gold pieces (gained 14).
You open the door.
Found a stone staircase leading down. 😎 HP[+22]
Your hp is fully restored (44).
There is an open door here.
There is a stone staircase leading down here.
Found a stone staircase leading down.
A gnoll comes into view. It is wielding a +0 spear.
A gnoll is nearby!
A gnoll comes into view.
It is wielding a +0 spear. 3 gnolls come into view.
The gnoll shouts! x4
There are monsters nearby!
A gnoll bouda comes into view. It is wielding a +0 club.
The gnoll hits you from afar with a +0 spear.
The gnoll bouda barks out a call to the hunt!
The gnolls pick up the pace!
The gnoll completely misses you. The gnoll hits you but does no damage.
The gnoll hits you with a +0 spear. x2 😮 HP[-14]
You take 14 damage, and now have 30/44 hp.
MASSIVE DAMAGE!! (PAUSE)
You closely miss the gnoll with your +0 spectral long sword.
You slash the gnoll with your +0 long sword of freezing!
You freeze the gnoll. The gnoll hits you with a +0 spear.
The gnoll hits you but does no damage. The gnoll misses you. 😮 HP[-3]
You take 3 damage, and now have 27/44 hp.
You are too injured to fight recklessly!
You are too injured to fight recklessly!
You slash the gnoll with your +0 long sword of freezing!
You freeze the gnoll.
You kill the gnoll!
Okawaru accepts your kill. The gnoll misses you.
The gnoll hits you but does no damage. The gnoll closely misses you.
You are too injured to fight recklessly!
You are too injured to fight recklessly!
You are too injured to fight recklessly!
You are too injured to fight recklessly!
You hit the gnoll with your +0 long sword of freezing.
You freeze the gnoll.
You barely miss the gnoll with your +0 spectral long sword.
Your +0 spectral long sword {Artakama} barely misses the gnoll.
The gnoll hits you but does no damage. The gnoll barely misses you. x2
The gnoll hits you with a +0 spear. 😮 HP[-2]
You take 2 damage, and now have 25/44 hp.
Unknown command.
You slash the gnoll with your +0 long sword of freezing!
You freeze the gnoll.
You kill the gnoll!
Okawaru accepts your kill.
Your +0 spectral long sword {Artakama} disappears.
The gnoll barely misses you.
The gnoll hits you but does no damage. x2 😮 HP[+1]
You slash the gnoll with your +0 long sword of freezing!
You freeze the gnoll.
You kill the gnoll!
Okawaru accepts your kill. The gnoll misses you.
The gnoll hits you from afar with a +0 spear.
* * * LOW HITPOINT WARNING * * *
😨 HP[-4]
You take 4 damage, and now have 22/44 hp.
The gnoll bouda hits you with a +0 club!
* * * LOW HITPOINT WARNING * * *
The gnoll hits you from afar with a +0 spear.
* * * LOW HITPOINT WARNING * * *
Things that are here:
a +0 spear; a +0 spear; a gnoll corpse; 😱 HP[-14]
You take 14 damage, and now have 8/44 hp.
MASSIVE DAMAGE!! (PAUSE)
You closely miss the gnoll bouda with your +0 long sword of freezing.
You hit the gnoll bouda with your +0 spectral long sword.
The gnoll hits you from afar with a +0 spear.
* * * LOW HITPOINT WARNING * * *
The gnoll bouda closely misses you. 😱 HP[-6]
You take 6 damage, and now have 2/44 hp.
You hit the gnoll bouda with your +0 long sword of freezing.
You freeze the gnoll bouda.
You slash the gnoll bouda with your +0 spectral long sword!
The gnoll hits you from afar with a +0 spear.
* * * LOW HITPOINT WARNING * * *
The gnoll bouda hits you with a +0 club.
You die...

Skill      XL: |  1  2  3  4  5 |
---------------+----------------+-----
Long Blades    | 4 5 6 |  6.4
Invocations    | 1 |  1.6
Fighting       | |  2.0
Throwing       | |  1.7
Dodging        | |  2.6

Action                     |  1- 3 |  4- 6 || total
---------------------------+-------+-------++-------
  Melee: Long sword        |    60 |   129 ||   189
         Dagger            |    49 |    22 ||    71
    Use: Scroll            |     2 |    10 ||    12
   Stab: Sleeping          |     1 |       ||     1
 Armour: Leather armour    |    38 |    77 ||   115
  Dodge: Dodged            |    54 |    60 ||   114

Levels and vault maps discovered:
D:1:      matt_arrival_spirals, layout_rooms, serial_shops, shop,
          shapermc_ecumenical_altar_venn, minmay_tetromino_i2
D:2:      minmay_thinvault, layout_basic, basic_altar
D:3:      layout_rooms, gammafunk_temple_overflow_elements,
          nicolae_ashenzari_skybound, kennysheep_doodads
D:4:      layout_loops_corners, pdpol_wu_jian_five_deadly_venoms,
          nicolae_uskayaw_murder_on_the_dancefloor

Notes
Turn   | Place    | Note
-------+----------+-------------------------------------------
     0 | D:1      | kae the Coglin Gladiator began the quest for the Orb.
     0 | D:1      | Reached XP level 1. HP: 16/16 MP: 1/1
     0 | D:1      | magus.rc [v1.11.3]
   220 | D:1      | Found Kezopsul's Jewellery Shop.
   343 | D:1      | HP: 4/16 [hobgoblin (2)]
   348 | D:1      | HP: 3/16 [hobgoblin (3)]
   350 | D:1      | Reached XP level 2. HP: 4/22 MP: 2/2
   545 | D:1      | Found a faded altar of an unknown god.
   990 | D:2      | Reached skill level 4 in Long Blades
  1020 | D:2      | Reached XP level 3. HP: 27/27 MP: 3/3
  1143 | D:2      | Reached XP level 4. HP: 31/33 MP: 4/4
  1226 | D:2      | Found a burning altar of Makhleb.
  1663 | D:2      | You pick up a book of Unlife and begin reading...
  1663 | D:2      | You add the spells Animate Dead, Borgnjor's Vile Clutch and
                  | Death Channel to your library.
  1740 | D:2      | Reached skill level 5 in Long Blades
  2009 | D:3      | Reached XP level 5. HP: 30/38 MP: 5/5
  2068 | D:3      | You pick up a book of Displacement and begin reading...
  2068 | D:3      | You add the spells Lesser Beckoning, Gell's Gravitas and
                  | Teleport Other to your library.
  2071 | D:3      | You pick up a book of Displacement and begin reading...
  2363 | D:3      | Found a broken altar of Ashenzari.
  2521 | D:3      | Found an iron altar of Okawaru.
  2521 | D:3      | Found a basalt altar of Yredelemnul.
  2636 | D:3      | Became a worshipper of Warmaster Okawaru
  2670 | D:4      | Noticed an ice beast
  2683 | D:4      | Killed an ice beast
  2684 | D:4      | Reached skill level 6 in Long Blades
  2684 | D:4      | Reached skill level 1 in Invocations
  2684 | D:4      | Reached XP level 6. HP: 17/44 MP: 5/7
  2821 | D:4      | HP: 8/44 [gnoll/+0 spear[a gnoll bouda] (5)]
  2822 | D:4      | HP: 2/44 [gnoll/+0 spear[a gnoll bouda] (6)]
  2823 | D:4      | Slain by a gnoll bouda

Vanquished Creatures
  An ice beast (D:4)
  An iguana (D:3)
  4 gnolls
  5 adders
  A ribbon worm (D:2)
  6 dart slugs
  4 orcs (D:3)
  4 ball pythons
  3 endoplasms
  8 giant cockroaches
  2 hobgoblins
  7 jackals
  8 kobolds
  3 bats
  2 frilled lizards (D:2)
  4 goblins
  2 rats
65 creatures vanquished.

Table legend:
 A = Non-vault XP
 B = Vault XP
 C = Vault XP percentage of total XP
 D = Non-vault monster count
 E = Vault monster count
 F = Vault count percentage of total count
                 A         B        C        D         E       F
            +---------+---------+-------+---------+---------+-------
      Total |     304 |      94 |  23.6 |      43 |      22 |  33.8
            +---------+---------+-------+---------+---------+-------
        D:1 |      13 |       3 |  18.8 |       8 |       2 |  20.0
        D:2 |      27 |      91 |  77.1 |       9 |      20 |  69.0
        D:3 |      93 |       0 |   0.0 |      20 |       0 |   0.0
        D:4 |     171 |       0 |   0.0 |       6 |       0 |   0.0
            +---------+---------+-------+---------+---------+-------

Skill      XL: |  1  2  3  4  5 |
---------------+----------------+-----
Long Blades    | 4 5 6 |  6.4
Invocations    | 1 |  1.6
Fighting       | |  2.0
Throwing       | |  1.7
Dodging        | |  2.6

Action                     |  1- 3 |  4- 6 || total
---------------------------+-------+-------++-------
  Melee: Long sword        |    60 |   129 ||   189
         Dagger            |    49 |    22 ||    71
    Use: Scroll            |     2 |    10 ||    12
   Stab: Sleeping          |     1 |       ||     1
 Armour: Leather armour    |    38 |    77 ||   115
  Dodge: Dodged            |    54 |    60 ||   114

Illustrated notes

Table legend:
 A = Kills in this place as a percentage of kills in the entire game.
 B = Kills by you in this place as a percentage of kills by you in the entire game.
 C = Kills by friends in this place as a percentage of kills by friends in the entire game.
 D = Other kills in this place as a percentage of other kills in the entire game.
 E = Experience gained in this place as a percentage of experience gained in the entire game.
 F = Experience gained in this place divided by the number of levels of this place that you have seen.
                   A       B       C       D       E      F
               +-------+-------+-------+-------+-------+----------------------
         Total | 100.0 | 100.0 |   N/A |   N/A | 100.0 |  99.5
       Dungeon | 100.0 | 100.0 |   N/A |   N/A | 100.0 |  99.5
               +-------+-------+-------+-------+-------+----------------------

Table legend: (Time is in decaauts)
 A = Elapsed time spent in this place.
 B = Non-inter-level travel time spent in this place.
 C = Inter-level travel time spent in this place.
 D = Time resting spent in this place.
 E = Time spent auto-exploring this place.
 F = Levels seen in this place.
 G = Mean time per level.
                   A        B        C        D        E       F      G
               +--------+--------+--------+--------+--------+-----+--------+
         Total |   2832 |   2709 |    123 |    131 |   2185 |   4 |  708.0 |
       Dungeon |   2832 |   2709 |    123 |    131 |   2185 |   4 |  708.0 |
               +--------+--------+--------+--------+--------+-----+--------+

Top non-repeatable levels by time:
     D:2: 1224 daAuts
     D:1: 744 daAuts
     D:3: 695 daAuts
     D:4: 167 daAuts
